 Dungeon Crawl Stone Soup version 0.24.0 (webtiles) character file.

Game seed: 15177642996993797027, levelgen mode: deterministic

583 HenrikSverke the Cudgeler (level 7, -7/44 HPs)
             Began as a Gargoyle Monk on Oct 25, 2019.
             Splashed by Pikel's acid (14 damage)
             ... on level 4 of the Dungeon.
             The game lasted 00:09:20 (4336 turns).

HenrikSverke the Cudgeler (Gargoyle Monk)           Turns: 4336, Time: 00:09:20

Health: -7/44      AC:  9    Str: 17    XL:     7   Next: 37%
Magic:  7/7        EV:  5    Int: 10    God:
Gold:   128        SH:  4    Dex: 12    Spells: 6/6 levels left

rFire    . . .     SeeInvis .   t - +0 flail
rCold    . . .     Gourm    .   o - +0 buckler
rNeg     + . .     Faith    .   e - +0 plate armour
rPois    ∞         Spirit   .   q - +0 helmet
rElec    +         Reflect  .   (no cloak)
rCorr    .         Harm     .   (no gloves)
MR       .....                  (no boots)
Stlth    ..........             (no amulet)
HPRegen  0.14/turn              (no ring)
MPRegen  0.10/turn              (no ring)

@: corroded
A: negative energy resistance 1, electricity resistance, unbreathing,
petrification resistance, rot immunity, AC +4
a: no special abilities


You were on level 4 of the Dungeon.
You were not hungry.

You visited 1 branch of the dungeon, and saw 4 of its levels.

You collected 208 gold pieces.
You spent 80 gold pieces at shops.

Inventory:

Hand Weapons
 a - a +0 mace
 d - a +0 whip
 t - a +0 flail (weapon)
Armour
 e - a +0 plate armour (worn)
 o - a +0 buckler (worn)
 q - a +0 helmet (worn)
Jewellery
 k - a cursed amulet of inaccuracy {unknown}
 p - an uncursed ring of stealth
Scrolls
 b - 5 scrolls of identify {unknown}
 f - 2 scrolls of amnesia {unknown}
 l - a scroll of random uselessness {unknown}
 m - a scroll of enchant weapon {unknown}
 n - a scroll of magic mapping {unknown}
 v - a scroll of enchant armour {unknown}
Potions
 g - 3 potions of magic {unknown}
 h - a potion of degeneration {unknown}
 i - a potion of mutation {unknown}
 j - 2 potions of heal wounds
 r - a potion of agility {unknown}
 s - 2 potions of curing
 u - 2 potions of brilliance {unknown}
Comestibles
 c - 6 rations
 w - a chunk of flesh


   Skills:
 + Level 4.4 Fighting
 + Level 5.9 Maces & Flails
 + Level 3.9 Armour
 + Level 2.8 Dodging
 - Level 2.1 Stealth
 + Level 2.4 Shields


You had 6 spell levels left.
You didn't know any spells.
Your spell library was empty.

Dungeon Overview and Level Annotations

Branches:
Dungeon (4/15)
 Temple: D:4-7

Altars:

Shops:
D:4 !

Annotations:
D:3 2 transporters, Mrkan's ghost, amateur TeFi
D:4 Pikel


Innate Abilities, Weirdness & Mutations

You are resistant to torment.
Your stone body is resilient. (AC +4)
You are immune to poison.
You resist negative energy. (rN+)
You are resistant to electric shocks. (rElec)
You can survive without breathing.
You are immune to petrification.
You are immune to rotting.


Message History

An orc wizard appears from thin air!
Reactivating autopickup.
Found a spear.
The orc wizard gestures wildly while chanting.
The orc wizard blinks!
The orc wizard casts a spell.
The orc wizard flickers and vanishes!
Deactivating autopickup; reactivate with Ctrl-A.
A slave comes into view.
The slave shouts!
A slave comes into view.
Pikel the Slaver comes into view.
He is wielding a +0 whip of electrocution and carrying a wand of acid (8).
The slave shouts!
Pikel zaps a wand.
The bolt of acid hits you! The acid corrodes you!
You are splashed with acid!
The slave hits you but does no damage.
Pikel zaps a wand.
The bolt of acid hits you!
* * * LOW HITPOINT WARNING * * *
The acid corrodes you!
You are splashed with acid!
You die...

######### #########
#..)....#
#.....o.##########
###.......#.........
######.....o.............
o......#########pp...>...
######## #pK.......
#@........
#########.........
########.....)...........
........p#######.........
########## #.........
#...###### ###... ...#
.....


You could see Pikel and 3 slaves.

Vanquished Creatures
  Duvessa (D:4)
  A phantom (D:4)
  Dowan (D:3)
  2 orc wizards (D:4)
  A gnoll shaman (D:4)
  Natasha (twice) (D:3 D:2)
  A worker ant (D:4)
  Robin (D:3)
  3 gnolls
  3 adders
  A worm (D:3)
  4 dart slugs
  A leopard gecko (D:4)
  13 orcs
  A ball python (D:2)
  3 giant cockroaches
  17 goblins
  14 hobgoblins
  6 jackals
  A quokka (D:2)
  6 bats
  9 frilled lizards
  11 kobolds
  A leopard gecko skeleton (D:4)
  7 rats
111 creatures vanquished.

Vanquished Creatures (others)
  4 plants (D:3)
4 creatures vanquished.

Grand Total: 115 creatures vanquished

Notes
Turn   | Place    | Note
-------+----------+-------------------------------------------
     0 | D:1      | HenrikSverke the Gargoyle Monk began the quest for the Orb.
     0 | D:1      | Reached XP level 1. HP: 14/14 MP: 1/1
   163 | D:1      | Reached XP level 2. HP: 18/19 MP: 2/2
   392 | D:1      | Reached XP level 3. HP: 22/24 MP: 3/3
  1230 | D:2      | Reached XP level 4. HP: 29/29 MP: 4/4
  1364 | D:2      | Reached skill level 4 in Maces & Flails
  1372 | D:2      | Reached skill level 1 in Armour
  1812 | D:3      | Noticed Natasha
  1847 | D:3      | Killed Natasha
  1934 | D:3      | Noticed Natasha
  2217 | D:2      | Killed Natasha
  2217 | D:2      | Reached XP level 5. HP: 9/33 MP: 5/5
  2445 | D:3      | Found a transporter.
  2446 | D:3      | Found a transporter.
  2493 | D:3      | Noticed Mrkan's ghost (amateur TeFi)
  2626 | D:3      | Noticed Robin
  2722 | D:3      | Killed Robin
  2868 | D:3      | Found a faded altar of an unknown god.
  3183 | D:4      | Found Nuseb's Distillery.
  3196 | D:4      | Bought a potion of curing for 30 gold pieces
  3196 | D:4      | Bought a potion of heal wounds for 50 gold pieces
  3259 | D:4      | Reached skill level 5 in Maces & Flails
  3259 | D:4      | Reached XP level 6. HP: 34/38 MP: 6/6
  3287 | D:4      | Reached skill level 1 in Shields
  3377 | D:4      | Noticed Duvessa
  3377 | D:4      | Noticed Dowan
  3737 | D:3      | Killed Dowan
  3901 | D:4      | Killed Duvessa
  3901 | D:4      | Reached XP level 7. HP: 31/44 MP: 7/7
  4332 | D:4      | Noticed Pikel
  4336 | D:4      | Splashed by Pikel's acid

Levels and vault maps discovered:
D:1:      evilmike_arrival_plus, layout_rooms
D:2:      layout_basic
D:3:      layout_rooms, gammafunk_ghost_gnarly_gnolls,
          chequers_ecumenical_altar_simple, minmay_misc_feat_plants,
          uniq_natasha, uniq_robin
D:4:      layout_rooms, temple_hall, serial_shops,
          nicolae_shop_temple_entry_statues_fountains, uniq_duvessa,
          uniq_sigmund, uniq_pikel
